AoeStats
← MooseMooch

Arabia

509027930Analyzed
1v1 RM · 8d ago on Sep 25, 2026· 49m 5s· 2 players
Game mode
Random Map
Map size
Tiny (2 player)
Population
200
Speed
Normal
Resources
Standard
Victory
Conquest
Starting age
Dark Age
Ending age
Imperial Age
RankedLock teamsTeams togetherTeam positionsShared explorationLock speedFull tech treeHidden civsTurbo modeCheats
Victory
Defeat
🇩🇪 Portuguese · Germany
1283
+17
🇲🇽 Wu · Mexico
1296
-17
MooseMooch
6:53 Loom
9:32 Feudal Age
12:31 Double-Bit Axe
15:23 Fletching
19:19 Wheelbarrow
22:14 Castle Age
22:39 Padded Archer Armor
23:12 Bodkin Arrow
22:41 Elite Skirmisher
24:08 Bow Saw
29:17 Crossbowman
36:33 Imperial Age
38:19 Chemistry
38:30 Ballistics
40:51 Bracer
48:18 Leather Archer Armor
[GDL] Ly0neZ
6:38 Loom
11:21 Feudal Age
12:16 Man-at-Arms
15:03 Loom
15:16 Double-Bit Axe
16:54 Fletching
18:08 Padded Archer Armor
21:01 Scale Mail Armor
21:49 Wheelbarrow
25:12 Castle Age
25:48 Forging
27:59 Chain Mail Armor
27:48 Pikeman
29:28 Town Watch
32:53 Squires
32:25 Crossbowman
34:06 Bodkin Arrow
44:21 Imperial Age
44:14 Leather Archer Armor
44:05 Scale Barding Armor
44:11 Forging
45:26 Chain Barding Armor
45:10 Heavy Hei Guang Cavalry
45:58 Elite Skirmisher
47:24 Bracer
Connection lost

Rejoining the realm…

Still unreachable

The connection could not be restored.

Session expired

The server has moved on; the page needs a fresh start.